AoeStats
← RHT.patriotaSJ

Arabia

508139470Analyzed
3v3 RM · 11d ago on Sep 21, 2026· 55m 23s· 6 players
Game mode
Random Map
Map size
Normal (6 player)
Population
200
Speed
Normal
Resources
Standard
Victory
Conquest
Starting age
Dark Age
Ending age
Imperial Age
RankedLock teamsTeams togetherTeam positionsShared explorationLock speedFull tech treeHidden civsTurbo modeCheats
Victory
Defeat
🇵🇹 Khmer · Portugal
1032
+18
🇲🇽 Magyars · Mexico
1030
+18
🇺🇸 Ethiopians · United States
1014
+18
🇦🇷 Italians · Argentina
1143
-22
🇦🇷 Huns · Argentina
1028
-16
🇦🇷 Vietnamese · Argentina
1025
-16
Tersicox
6:57 Loom
10:13 Feudal Age
19:43 Double-Bit Axe
21:03 Scale Barding Armor
25:22 Castle Age
24:31 Gold Mining
32:00 Bow Saw
33:35 Chain Barding Armor
35:30 Gold Shaft Mining
35:12 Horse Collar
38:44 Husbandry
38:25 Elite Skirmisher
39:23 Fletching
40:01 Town Watch
40:33 Bodkin Arrow
42:13 Padded Archer Armor
43:13 Leather Archer Armor
54:10 Imperial Age
53:31 Ballistics
55:41 Bracer
56:46 Chemistry
DigitalSixteen
7:03 Loom
9:28 Feudal Age
10:01 Double-Bit Axe
14:11 Horse Collar
17:22 Fletching
21:01 Castle Age
19:22 Padded Archer Armor
21:35 Wheelbarrow
21:57 Bow Saw
21:37 Crossbowman
22:15 Bodkin Arrow
23:07 Scale Mail Armor
30:21 Hand Cart
30:52 Thumb Ring
34:02 Squires
34:14 Heavy Plow
34:08 Gold Mining
39:22 Ballistics
38:44 Elite Skirmisher
39:43 Leather Archer Armor
40:16 Town Watch
47:23 Imperial Age
47:25 Arbalester
48:08 Bracer
48:39 Ring Archer Armor
48:33 Conscription
50:30 Chain Mail Armor
50:25 Forging
52:54 Chemistry
52:00 Siege Engineers
52:06 Masonry
52:09 Fortified Wall
52:59 Torsion Engines
55:03 Onager
!
9:52 Loom
11:37 Feudal Age
15:30 Castle Age
13:53 Double-Bit Axe
15:22 Gold Mining
15:16 Horse Collar
16:35 Bow Saw
23:05 Heavy Plow
23:17 Husbandry
24:54 Wheelbarrow
24:05 Town Watch
25:13 Bloodlines
27:26 Hand Cart
28:42 Scale Barding Armor
29:11 Forging
31:38 Iron Casting
31:47 Gold Shaft Mining
33:18 Chain Barding Armor
33:19 Stone Mining
36:52 Imperial Age
35:29 Ballistics
35:20 Masonry
35:02 Heated Shot
35:06 Fletching
35:55 Stone Shaft Mining
36:21 Scale Mail Armor
37:08 Town Patrol
36:59 Cavalier
38:34 Plate Barding Armor
38:59 Blast Furnace
38:31 Elite Battle Elephant
41:06 Elite Ballista Elephant
42:06 Double Crossbow
42:20 Sappers
43:15 Conscription
42:56 Tusk Swords
43:50 Heavy Scorpion
45:16 Hoardings
RHT.patriotaSJ
12:38 Feudal Age
19:49 Town Watch
21:59 Double-Bit Axe
29:30 Castle Age
30:43 Horse Collar
33:20 Wheelbarrow
32:46 Town Patrol
32:32 Loom
34:50 Elite Skirmisher
46:52 Imperial Age
45:12 Thumb Ring
47:03 Hand Cart
48:29 Imperial Skirmisher
50:29 Paper Money
50:42 Padded Archer Armor
50:33 Fletching
51:09 Bow Saw
52:52 Chemistry
RHT.H1r4m ∴
12:10 Feudal Age
12:50 Loom
12:59 Double-Bit Axe
12:59 Horse Collar
21:14 Castle Age
21:26 Wheelbarrow
21:21 Gold Mining
23:21 Gold Shaft Mining
25:08 Fletching
25:20 Padded Archer Armor
25:50 Thumb Ring
29:20 Bodkin Arrow
29:40 Leather Archer Armor
30:28 Pikeman
31:11 Squires
32:38 Ballistics
34:10 Bow Saw
35:34 Stone Mining
39:25 Scale Mail Armor
42:11 Imperial Age
39:59 Hand Cart
40:31 Chain Mail Armor
47:00 Chemistry
RHT.Not_Zorrito
6:35 Loom
9:28 Feudal Age
11:27 Double-Bit Axe
12:40 Horse Collar
16:36 Fletching
22:00 Castle Age
20:43 Padded Archer Armor
22:03 Crossbowman
22:40 Bodkin Arrow
24:28 Leather Archer Armor
25:49 Wheelbarrow
27:11 Ballistics
27:18 Town Watch
31:02 Pikeman
31:50 Thumb Ring
32:56 Scale Mail Armor
34:48 Bow Saw
37:28 Hand Cart
39:57 Imperial Age
38:53 Town Patrol
40:25 Chain Mail Armor
41:41 Conscription
43:38 Chemistry
42:39 Bracer
43:44 Arbalester
45:52 Ring Archer Armor
49:58 Onager
Connection lost

Rejoining the realm…

Still unreachable

The connection could not be restored.

Session expired

The server has moved on; the page needs a fresh start.